cohdb
Replays
Latest Replays
All Replays
Popular Replays
Top Player Replays
Match Explorer
How It Works
Community
CoH3 Stats
Reddit
Sign in to upload your games and track your stats! →
Sign in with Steam
Match 46751779
Unlisted
Match 46751779
Overview
Messages
Build Orders
End
250 Light Carrier
Selects Armored Support Battlegroup
250 Light Carrier
Construct Light Support Kompanie
Panzerjäger Squad
Combat Half-tracks
Advanced Field Repairs
Fire Support Elements
Selects Superior Fire Drills
Tungsten Core Ammunition
250 Light Carrier
Assault Mechanized Group
Vehicle Survival Package
Construct Panzerarmee Kommand
Veteran Squad Leaders
Selects Salvage Kits
Emergency Repair Kits
Rapid Advance
Panzer III L Medium Tank
Panzer III L Medium Tank
Selects Panzer Storm
Advanced Optics
Panzer III L Medium Tank
Selects Stuka Anti-tank Loiter
Stuka Anti-tank Loiter
Panzer III L Medium Tank
Panzergrenadier Squad
Walking Stuka Rocket Launcher
Armored Reserves
Selects Flammpanzer III Medium Tank
Panzergrenadier Squad
Construct Mechanized Kompanie
254 Reconnaissance Tractor
Tiger Heavy Tank
Stuka Anti-tank Loiter
Rodrik
WildFox
Querido Raposo
crywo1f
dogzang
Anded
0
0
Comments
sign in to comment!
No comments posted yet!